General information
- name: BNet
- type: Ladder team game (AT/RT)
- host: Battle.net
- saver: smerb.COM.COM
map: Goldshire
- players: 4
- length: 27:07
- speed: Fast
- version: 1.23 W3XP
- replay type: Public
» download(158 KB)
Players
team 1 (winner)

»
REAL.SCARY (
purple | 101 APM | 2731 actions | 27:04)
4 Archmage
2 Summon Water Elemental
2 Brilliance Aura
3 Mountain King
2 Storm Bolt
1 Bash
2 Paladin
1 Holy Light
1 Divine Shield
» actions
| Assign group hotkey | 147 | |
| Basic commands | 303 | |
| Build / train | 125 | |
| ESC pressed | 17 | |
| Enter build submenu | 46 | |
| Enter hero's abilities submenu | 9 | |
| Give item / drop item | 1 | |
| Right click | 694 | |
| Select / deselect | 689 | |
| Select group hotkey | 480 | |
| Use ability | 219 | |
2731 total
» units
| Peasant | 40 | |
| Footman | 16 | |
| Sorceress | 3 | |
| Priest | 2 | |
| Spell Breaker | 3 | |
| Knight | 3 | |
67 total
» upgrades
| Masonry | 1 | |
| Backpack | 1 | |
| Sorceress Training | 2 | |
| Swords | 1 | |
| Priest Training | 1 | |
6 total
» buildings
| Altar of Kings | 1 | |
| Barracks | 1 | |
| Farm | 15 | |
| Scout Tower | 9 | |
| Town Hall | 6 | |
| Arcane Tower | 2 | |
| Arcane Vault | 1 | |
| Lumber Mill | 1 | |
| Guard Tower | 13 | |
| Keep | 3 | |
| Blacksmith | 1 | |
| Arcane Sanctum | 3 | |
| Castle | 2 | |
58 total
» build order
00:12 Altar of Kings
00:22 Barracks
00:31 Farm
01:05 Farm
01:45 Farm
03:17 Scout Tower
04:28 Town Hall
04:30 Scout Tower
05:10 Arcane Tower
06:33 Arcane Vault
06:37 Town Hall
07:43 Farm
07:54 Farm
09:12 Arcane Tower
11:25 Lumber Mill
11:28 Town Hall
12:56 Scout Tower
12:56 Scout Tower
12:57 Scout Tower
13:20 Guard Tower
13:21 Guard Tower
13:22 Guard Tower
13:22 Guard Tower
13:22 Guard Tower
13:23 Guard Tower
13:50 Guard Tower
13:58 Scout Tower
13:59 Scout Tower
14:02 Farm
14:10 Scout Tower
14:36 Guard Tower
14:36 Guard Tower
14:39 Guard Tower
14:41 Scout Tower
15:44 Town Hall
16:05 Farm
16:06 Farm
16:31 Farm
16:32 Farm
17:03 Keep
17:03 Keep
17:34 Guard Tower
18:42 Blacksmith
19:33 Arcane Sanctum
19:35 Arcane Sanctum
19:36 Arcane Sanctum
20:35 Castle
20:35 Castle
20:59 Farm
24:48 Farm
24:48 Farm
24:51 Farm
24:53 Farm
25:34 Town Hall
25:38 Town Hall
» items
| Scroll of Regeneration | 4 | |
| Lesser Clarity Potion | 4 | |
| Rod of Necromancy | 1 | |
| Scroll of Town Portal | 3 | |
| Potion of Lesser Invulnerability | 1 | |
| Potion of Healing | 1 | |
14 total
smerb.COM.COM (
blue | 95 APM | 2589 actions | 27:07)
5 Death Knight
3 Death Coil
2 Unholy Aura
4 Lich
3 Frost Nova
1 Frost Armor
» actions
| Assign group hotkey | 38 | |
| Basic commands | 208 | |
| Build / train | 102 | |
| ESC pressed | 1 | |
| Enter build submenu | 21 | |
| Enter hero's abilities submenu | 9 | |
| Give item / drop item | 1 | |
| Right click | 1170 | |
| Select / deselect | 427 | |
| Select group hotkey | 450 | |
| Use ability | 162 | |
2589 total
» units
| Acolyte | 8 | |
| Ghoul | 4 | |
| Crypt Fiend | 16 | |
| Obsidian Statue | 7 | |
| Frost Wyrm | 7 | |
42 total
» upgrades
| Creature Attack | 2 | |
| Destroyer Form | 1 | |
3 total
» buildings
| Graveyard | 1 | |
| Crypt | 1 | |
| Altar of Darkness | 1 | |
| Ziggurat | 8 | |
| Tomb of Relics | 2 | |
| Nerubian Tower | 2 | |
| Halls of the Dead | 3 | |
| Spirit Tower | 7 | |
| Slaughterhouse | 1 | |
| Black Citadel | 4 | |
| Sacrificial Pit | 1 | |
| Boneyard | 1 | |
| Necropolis | 1 | |
33 total
» build order
00:10 Graveyard
00:24 Crypt
00:49 Altar of Darkness
01:13 Ziggurat
01:32 Tomb of Relics
02:11 Ziggurat
02:22 Nerubian Tower
02:22 Nerubian Tower
04:51 Halls of the Dead
04:51 Halls of the Dead
05:24 Ziggurat
05:25 Ziggurat
06:53 Spirit Tower
10:02 Spirit Tower
10:02 Spirit Tower
10:19 Slaughterhouse
11:15 Tomb of Relics
11:47 Black Citadel
11:48 Black Citadel
11:48 Black Citadel
13:45 Ziggurat
14:54 Spirit Tower
15:09 Ziggurat
17:43 Sacrificial Pit
17:48 Ziggurat
17:51 Ziggurat
18:39 Boneyard
19:27 Spirit Tower
20:27 Necropolis
» items
| Rod of Necromancy | 3 | |
| Dust of Appearance | 5 | |
| Scroll of Town Portal | 5 | |
| Potion of Healing | 4 | |
| Orb of Corruption | 1 | |
| Scroll of Healing | 2 | |
| Potion of Lesser Invulnerability | 1 | |
| Scroll of Protection | 1 | |
22 total
team 2 (loser)
Aok_Goblin (
green | 76 APM | 2048 actions | 27:01)
4 Blademaster
2 Wind Walk
2 Critical Strike
2 Shadow Hunter
1 Hex
1 Healing Wave
» actions
| Assign group hotkey | 39 | |
| Basic commands | 191 | |
| Build / train | 84 | |
| ESC pressed | 2 | |
| Enter build submenu | 13 | |
| Enter hero's abilities submenu | 6 | |
| Right click | 870 | |
| Select / deselect | 325 | |
| Select group hotkey | 363 | |
| Use ability | 155 | |
2048 total
» units
| Peon | 8 | |
| Grunt | 7 | |
| Raider | 11 | |
| Troll Batrider | 2 | |
| Tauren | 10 | |
| Demolisher | 3 | |
41 total
» upgrades
| Berserker Strength | 1 | |
| Ensnare | 1 | |
| Armor | 2 | |
| Pulverize | 1 | |
| Melee Weapons | 1 | |
| Liquid Fire | 1 | |
| Reinforced Defenses | 1 | |
8 total
» buildings
| Altar of Storms | 1 | |
| Orc Burrow | 6 | |
| Barracks | 1 | |
| Voodoo Lounge | 1 | |
| Stronghold | 2 | |
| Beastiary | 1 | |
| Fortress | 1 | |
| War Mill | 1 | |
| Tauren Totem | 1 | |
15 total
» build order
00:08 Altar of Storms
00:19 Orc Burrow
00:34 Barracks
01:28 Orc Burrow
01:59 Voodoo Lounge
02:50 Stronghold
02:50 Stronghold
03:48 Orc Burrow
04:18 Orc Burrow
06:11 Beastiary
09:56 Fortress
09:58 War Mill
12:47 Tauren Totem
17:56 Orc Burrow
19:17 Orc Burrow
» items
| Lesser Clarity Potion | 7 | |
| Scroll of Speed | 1 | |
| Scroll of Town Portal | 3 | |
| Healing Salve | 5 | |
| Potion of Healing | 4 | |
| Boots of Speed | 1 | |
| Scroll of Protection | 1 | |
| Orb of Lightning | 1 | |
| Scroll of Healing | 1 | |
24 total
wmb]lee (
pink | 64 APM | 1734 actions | 27:03)
4 Demon Hunter
2 Mana Burn
2 Evasion
3 Naga Sea Witch
2 Frost Arrows
1 Forked Lightning
» actions
| Assign group hotkey | 24 | |
| Basic commands | 528 | |
| Build / train | 83 | |
| Enter build submenu | 18 | |
| Enter hero's abilities submenu | 8 | |
| Right click | 518 | |
| Select / deselect | 375 | |
| Select group hotkey | 116 | |
| Use ability | 64 | |
1734 total
» units
| Wisp | 17 | |
| Huntress | 12 | |
| Druid of the Talon | 11 | |
| Dryad | 10 | |
| Archer | 7 | |
57 total
» upgrades
| Ultravision | 1 | |
| Abolish Magic | 1 | |
| Improved Bows | 1 | |
| Marksmanship | 1 | |
| Druid of the Talon Training | 1 | |
| Well Spring | 1 | |
| Strength of the Moon | 1 | |
| Moon Armor | 1 | |
| Strength of the Wild | 1 | |
| Reinforced Hides | 1 | |
10 total
» buildings
| Altar of Elders | 1 | |
| Moon Well | 6 | |
| Hunter's Hall | 1 | |
| Ancient of War | 2 | |
| Tree of Ages | 1 | |
| Ancient of Wonders | 1 | |
| Ancient of Lore | 2 | |
| Ancient of Wind | 2 | |
| Tree of Life | 1 | |
| Tree of Eternity | 1 | |
18 total
» build order
00:06 Altar of Elders
00:17 Moon Well
01:55 Hunter's Hall
02:02 Ancient of War
02:04 Ancient of War
02:22 Moon Well
02:32 Moon Well
05:03 Moon Well
07:50 Tree of Ages
07:55 Moon Well
09:04 Ancient of Wonders
11:39 Ancient of Lore
11:40 Ancient of Wind
11:45 Ancient of Lore
11:50 Ancient of Wind
12:24 Moon Well
18:48 Tree of Life
21:37 Tree of Eternity
» items
| Scroll of Town Portal | 3 | |
| Potion of Healing | 1 | |
| Boots of Speed | 1 | |
5 total
Chat log
(00:27 / Allies) smerb.COM.COM: i slightly
(00:31 / Allies) smerb.COM.COM: remember the real real.scary
(00:34 / Allies) smerb.COM.COM: who is this !@?!!?
(00:59 / All) REAL.SCARY: AN INTERNET ILLUSION
(01:40 / Allies) REAL.SCARY: ok
(01:50 / Allies) REAL.SCARY: thats ur order
(01:58 / Allies) REAL.SCARY: then after that
(02:00 / Allies) REAL.SCARY: try to stay near
(02:01 / Allies) REAL.SCARY: that area
(02:02 / Allies) REAL.SCARY: ok?
(02:06 / Allies) REAL.SCARY: ima fe
(02:09 / Allies) REAL.SCARY: i want u in the vicintiy
(02:22 / Allies) REAL.SCARY: ima need 100 lum from u too
(02:23 / Allies) REAL.SCARY: in a sec
(02:23 / Allies) smerb.COM.COM: i have no idea
(02:26 / Allies) smerb.COM.COM: who you are, ubt i love you
(03:20 / Allies) smerb.COM.COM: my ell seems to match maphacking niggers
(05:06 / Allies) REAL.SCARY: place a ward here too
(05:12 / Allies) smerb.COM.COM: k
(07:27 / Allies) smerb.COM.COM: you're relentless and its semi odd
(07:57 / Allies) smerb.COM.COM: zzzz
(08:02 / Allies) smerb.COM.COM: like they wont keep coming back
(08:12 / Allies) REAL.SCARY: GO
(08:19 / Allies) smerb.COM.COM: omw ofc
(09:05 / All) smerb.COM.COM: Gg
(09:10 / All) Aok_Goblin: gg
(09:10 / Allies) REAL.SCARY: keep playing
(09:12 / Allies) smerb.COM.COM: ofc
(09:56 / Allies) smerb.COM.COM: zzzzzzz
(10:28 / Allies) REAL.SCARY: no
(10:46 / Allies) REAL.SCARY: go
(11:47 / Allies) REAL.SCARY: spend spend spned :D:D
(11:50 / Allies) smerb.COM.COM: cant cant cant.
(11:53 / Allies) REAL.SCARY: iuma need lumber
(11:57 / Allies) smerb.COM.COM: i have 15
(12:10 / Allies) smerb.COM.COM: i have no idea who you are, but you dont seem to realize the position or situation we are in
(12:19 / Allies) smerb.COM.COM: its actually semi-concerning
(14:26 / Allies) REAL.SCARY: come back
(14:28 / Allies) REAL.SCARY: ur base is good imo
(14:28 / Allies) smerb.COM.COM: orb
(14:32 / Allies) REAL.SCARY: ah
(14:32 / Allies) REAL.SCARY: nice
(15:13 / Allies) smerb.COM.COM: runnibfg
(17:15 / Allies) smerb.COM.COM: such bad bad cookie cutters
(17:15 / Allies) smerb.COM.COM: zzzz
(17:19 / Allies) REAL.SCARY: once dk gets out
(17:23 / Allies) REAL.SCARY: creep top left get a tp first tho
(17:26 / Allies) smerb.COM.COM: ofc
(17:28 / Allies) smerb.COM.COM: ;3
(17:45 / Allies) REAL.SCARY: get ur next zig
(17:46 / Allies) REAL.SCARY: above those 2 spirits
(17:51 / Allies) REAL.SCARY: cancel
(17:54 / Allies) smerb.COM.COM: i got enough for 3
(17:55 / Allies) smerb.COM.COM: 2
(17:56 / Allies) REAL.SCARY: or build 2
(17:56 / Allies) REAL.SCARY: nvm
(18:06 / Allies) REAL.SCARY: cant believe am died
(18:09 / Allies) REAL.SCARY: he was surrounded out of altar
(18:11 / Allies) REAL.SCARY: never raelly had a chance to live
(18:12 / Allies) smerb.COM.COM: lol
(19:05 / Allies) REAL.SCARY: go
(19:06 / Allies) REAL.SCARY: ill harss
(19:09 / Allies) REAL.SCARY: not harass but
(19:10 / Allies) smerb.COM.COM: aye.
(19:12 / Allies) REAL.SCARY: make them not creepjack u
(19:14 / Allies) smerb.COM.COM: ;3
(19:40 / Allies) smerb.COM.COM: going to me
(19:43 / Allies) REAL.SCARY: tptp
(20:48 / Allies) smerb.COM.COM: gold?
(20:49 / Allies) smerb.COM.COM: wood?
(20:51 / Allies) smerb.COM.COM: i can get wyrms
(21:02 / Allies) smerb.COM.COM: i have no tp
(21:04 / Allies) smerb.COM.COM: dont wanna push rly
(21:07 / Allies) REAL.SCARY: buy one
(21:08 / Allies) smerb.COM.COM: yeah
(21:10 / Allies) smerb.COM.COM: hats where i was going
(22:55 / Allies) smerb.COM.COM: they on the move
(23:16 / Allies) REAL.SCARY: k
(23:17 / Allies) REAL.SCARY: ur fine
(23:22 / Allies) REAL.SCARY: dont tp yet
(23:23 / Allies) smerb.COM.COM: gonna hve to tp out
(23:25 / Allies) REAL.SCARY: one of them might tp
(23:28 / Allies) REAL.SCARY: ok go now
(23:37 / Allies) REAL.SCARY: wat i meant was
(23:39 / Allies) REAL.SCARY: to try to get that raider but
(23:41 / Allies) REAL.SCARY: u didit anyway
(23:45 / Allies) smerb.COM.COM: i did
(23:46 / Allies) smerb.COM.COM: i got it
(24:02 / Allies) smerb.COM.COM: need tp at ur base
(24:23 / Allies) smerb.COM.COM: carfe
(25:00 / Allies) smerb.COM.COM: odd odd game
(25:13 / Allies) smerb.COM.COM: going for my ain again
(25:49 / Allies) REAL.SCARY: if we kill dryads
(25:54 / Allies) REAL.SCARY: no dispel for polymorph